 Dungeon Crawl Stone Soup version 0.29-a0-350-g7790a0e70a (webtiles) character file.

Game seed: 7308187531332272521

46 spaghetti the Shooter (level 3, 0/22 HPs)
             Began as a Deep Elf Hunter on Apr 23, 2022.
             Slain by an adder (4 damage)
             ... on level 2 of the Dungeon.
             The game lasted 00:01:41 (964 turns).

spaghetti the Shooter (Deep Elf Hunter)              Turns: 964, Time: 00:01:41

Health: 0/22       AC:  3    Str:  8    XL:     3   Next: 44%
Magic:  5/5        EV: 12    Int: 13    God:
Gold:   106        SH:  0    Dex: 20    Spells: 2/2 levels left

rFire   . . .      SeeInvis .   a - +1 shortbow {bow}
rCold   . . .      Faith    .   (shield currently unavailable)
rNeg    . . .      Spirit   .   b - +0 leather armour
rPois   .          Reflect  .   (no helmet)
rElec   .          Harm     .   (no cloak)
rCorr   .          Rampage  .   (no gloves)
Will    .....                   (no boots)
Stlth   ++........              i - amulet of regeneration {@e2}
HPRegen 0.87/turn               (no ring)
MPRegen 0.09/turn               (no ring)

@: about to teleport
A: no striking features
a: no special abilities


You were on level 2 of the Dungeon.
You visited 1 branch of the dungeon, and saw 2 of its levels.

You collected 106 gold pieces.


   Skills:
 * Level 2.4 Fighting
 + Level 6.3 Bows
 - Level 2.4 Dodging
 - Level 1.2 Stealth


You had 2 spell levels left.
You didn't know any spells.
Your spell library was empty.

Inventory:

Hand Weapons
 a - a +1 shortbow (weapon) {bow}
Missiles
 h - 53 stones {throwing}
Armour
 b - a +0 leather armour (worn)
Jewellery
 i - an amulet of regeneration (around neck) {@e2}
   (You found it on level 2 of the Dungeon)
Scrolls
 c - a scroll of immolation {!r!r}
 e - a scroll of identify {@r1}
 g - a scroll of teleportation {@r4}
Potions
 d - a potion of resistance

Dungeon Overview and Level Annotations

Branches:
Dungeon (2/15)

Altars:

........#.)#..# .. #....
........'...... ...##....
........'.gK... ........
........#..#..# ###....
........# .$... ######....
.......l# .... #.........
......gK## ### ##.........
.......gg########.#####....
#########S@.....<.#<..#....
#.........#.####...
#.........#...#....
#....†....#.#.#....
#..........##.#....
#.....†.......#....
#..........####....
#........### #.###
#........# #.#


You could see 3 gnolls, an adder and a kobold.


Message History

The arrow hits the adder.
The kobold throws a stone.
The stone hits you but does no damage. The giant cockroach misses you.
You shoot an arrow.
The arrow barely misses the giant cockroach.
The arrow hits the gnoll.
The giant cockroach barely misses you. The frilled lizard bites you.
The giant cockroach bites you.
The frilled lizard bites you but does no damage. 😕 HP[-3]
You take 3 damage, and now have 19/22 hp.
You are too injured to fight recklessly!
You are too injured to fight recklessly!
You are too injured to fight recklessly!
You are too injured to fight recklessly!
You are too injured to fight recklessly!
You are too injured to fight recklessly!
You are too injured to fight recklessly!
You are too injured to fight recklessly!
You are too injured to fight recklessly!
You are too injured to fight recklessly!
You are too injured to fight recklessly!
You are too injured to fight recklessly!
You are too injured to fight recklessly!
You are too injured to fight recklessly!
You are too injured to fight recklessly!
You are too injured to fight recklessly!
You are too injured to fight recklessly!
Unknown command.
Okay, then.
The frilled lizard bites you. 😕 HP[-1]
You take 1 damage, and now have 18/22 hp. 😕 HP[+1] 😕 HP[+1]
The giant cockroach attacks as you move away!
The giant cockroach bites you.
The giant cockroach attacks as you move away!
The giant cockroach completely misses you.
The giant cockroach bites you but does no damage. 😕 HP[+1]
The adder attacks as you move away! The adder closely misses you.
The giant cockroach misses you. 😎 HP[+1]
Your hp is fully restored (22).
Shoot: a) +1 shortbow {bow}
Press: ? - help, Q - select action, (/) - cycle Shift-Dir - straight line, f/p - giant cockroach
Aim: a giant cockroach (67% to hit)
You shoot an arrow. The arrow completely misses the adder.
The arrow hits the giant cockroach!
You kill the giant cockroach!
The adder bites you. The adder barely misses you. 😕 HP[-1]
You take 1 damage, and now have 21/22 hp.
Shoot: a) +1 shortbow {bow}
Press: ? - help, Q - select action, (/) - cycle Shift-Dir - straight line, f - adder
Aim: an adder (heavily wounded, 52% to hit)
You shoot an arrow. The arrow barely misses the adder.
The arrow hits the gnoll.
The adder bites you but does no damage. The gnoll hits you but does no damage.
The adder bites you. 😕 HP[-1]
You take 1 damage, and now have 20/22 hp.
Shoot: a) +1 shortbow {bow}
Press: ? - help, Q - select action, (/) - cycle Shift-Dir - straight line, f/p - adder
Aim: an adder (heavily wounded, 52% to hit)
You shoot an arrow. The arrow hits the adder.
The adder bites you but does no damage.
The gnoll hits you from afar with a +0 spear. 😕 HP[-1]
You take 1 damage, and now have 19/22 hp.
Shoot: a) +1 shortbow {bow}
Press: ? - help, Q - select action, (/) - cycle Shift-Dir - straight line, f/p - adder
Aim: an adder (almost dead, 52% to hit)
You shoot an arrow. The arrow misses the adder.
The arrow hits the gnoll.
The adder bites you but does no damage.
The gnoll hits you from afar with a +0 spear!
The adder closely misses you.
The gnoll hits you from afar with a +0 spear.
* * * LOW HITPOINT WARNING * * *
😨 HP[-10]
You take 10 damage, and now have 9/22 hp.
MASSIVE DAMAGE!! (PAUSE)
You feel better. The adder misses you.
The gnoll hits you from afar with a +0 spear!
* * * LOW HITPOINT WARNING * * *
Shoot: a) +1 shortbow {bow}
Press: ? - help, Q - select action, (/) - cycle Shift-Dir - straight line, f/p - adder
Aim: an adder (almost dead, 52% to hit)
Okay, then.
As you read the scroll of teleportation {@r4}, it crumbles to dust.
You feel strangely unstable. The adder misses you. The adder barely misses you.
The gnoll hits you from afar with a +0 spear.
* * * LOW HITPOINT WARNING * * *
😱 HP[-6]
You take 6 damage, and now have 3/22 hp.
MASSIVE DAMAGE!! (PAUSE)
The adder attacks as you move away!
The adder completely misses you. 😱 HP[+1]
The adder attacks as you move away! The adder bites you.
You die...

Skill      XL: |  1  2 |
---------------+-------+-----
Bows           | 6 |  6.3
Fighting       | 2 |  2.4
Dodging        | |  2.4
Stealth        | |  1.2

Action                   || total
-------------------------++-------
 Fire: Shortbow          ||    92
  Use: Scroll            ||     4
       Potion            ||     1
Armor: Leather armour    ||    11
Dodge: Dodged            ||    36

Levels and vault maps discovered:
D:1:      dpeg_arrival_simpleton_c, layout_rooms,
          shapermc_ecumenical_altar_mp_ritualfount
D:2:      layout_basic, kennysheep_generic_room_6

Notes
Turn   | Place    | Note
-------+----------+-------------------------------------------
     0 | D:1      | spaghetti the Deep Elf Hunter began the quest for the Orb.
     0 | D:1      | Reached XP level 1. HP: 12/12 MP: 3/3
     0 | D:1      | magus.rc [v1.9.6]
   290 | D:1      | Reached skill level 6 in Bows
   290 | D:1      | Reached XP level 2. HP: 16/16 MP: 4/4
   384 | D:1      | Found a faded altar of an unknown god.
   417 | D:2      | Reached skill level 2 in Fighting
   481 | D:2      | Reached XP level 3. HP: 21/21 MP: 5/5
   962 | D:2      | HP: 3/22 [gnoll/+0 spear (6)]
   964 | D:2      | Slain by an adder

Vanquished Creatures
  An adder (D:2)
  A worm (D:2)
  2 dart slugs (D:2)
  A ball python (D:1)
  4 bats (D:1)
  An endoplasm (D:1)
  2 giant cockroaches (D:2)
  5 jackals
  4 kobolds
  A quokka (D:2)
  4 frilled lizards
  4 rats
30 creatures vanquished.

Vanquished Creatures (others)
  3 plants (D:1)
3 creatures vanquished.

Grand Total: 33 creatures vanquished

Table legend:
 A = Non-vault XP
 B = Vault XP
 C = Vault XP percentage of total XP
 D = Non-vault monster count
 E = Vault monster count
 F = Vault count percentage of total count
                 A         B        C        D         E       F
            +---------+---------+-------+---------+---------+-------
      Total |      66 |       0 |   0.0 |      30 |       0 |   0.0
            +---------+---------+-------+---------+---------+-------
        D:1 |      22 |       0 |   0.0 |      15 |       0 |   0.0
        D:2 |      44 |       0 |   0.0 |      15 |       0 |   0.0
            +---------+---------+-------+---------+---------+-------

Illustrated notes

Table legend:
 A = Kills in this place as a percentage of kills in entire the game.
 B = Kills by you in this place as a percentage of kills by you in the entire game.
 C = Kills by friends in this place as a percentage of kills by friends in the entire game.
 D = Other kills in this place as a percentage of other kills in the entire game.
 E = Experience gained in this place as a percentage of experience gained in the entire game.
 F = Experience gained in this place divided by the number of levels of this place that you have seen.
                   A       B       C       D       E      F
               +-------+-------+-------+-------+-------+----------------------
         Total | 100.0 | 100.0 |   N/A |   N/A | 100.0 |  33.0
       Dungeon | 100.0 | 100.0 |   N/A |   N/A | 100.0 |  33.0
               +-------+-------+-------+-------+-------+----------------------

Table legend: (Time is in decaauts)
 A = Elapsed time spent in this place.
 B = Non-inter-level travel time spent in this place.
 C = Inter-level travel time spent in this place.
 D = Time resting spent in this place.
 E = Time spent auto-exploring this place.
 F = Levels seen in this place.
 G = Mean time per level.
                   A        B        C        D        E       F      G
               +--------+--------+--------+--------+--------+-----+--------+
         Total |    987 |    985 |      2 |    179 |    625 |   2 |  493.5 |
       Dungeon |    987 |    985 |      2 |    179 |    625 |   2 |  493.5 |
               +--------+--------+--------+--------+--------+-----+--------+

Top non-repeatable levels by time:
     D:2: 565 daAuts
     D:1: 421 daAuts
